 Dungeon Crawl Stone Soup version 0.30.0-18-gc0e69614cb (webtiles) character file.

Game seed: 12502628005348085316

25 CaptainMV the Charlatan (level 2, -1/19 HPs)
             Began as a Demonspawn Wanderer on May 25, 2023.
             Succumbed to an adder's poison
             ... on level 2 of the Dungeon.
             The game lasted 00:07:07 (595 turns).

CaptainMV the Charlatan (Demonspawn Wanderer)        Turns: 595, Time: 00:07:07

Health: -1/19      AC:  3    Str: 10    XL:     2   Next: 82%
Magic:  3/3        EV: 11    Int: 14    God:
Gold:   0          SH:  0    Dex: 13    Spells: 0/3 levels left

rFire   . . .        a - +0 dagger
rCold   . . .        (no shield)
rNeg    . . .        c - +0 robe
rPois   .            (no helmet)
rElec   .            (no cloak)
rCorr   .            (no gloves)
SInv    .            (no boots)
Will    .....        (no amulet)
Stlth   +            (no ring)
HPRegen 0.23/turn    (no ring)
MPRegen 0.08/turn

%: no passive effects
@: brilliant, lethally poisoned (-1 -> -6), silenced, flying
A: sharp scales 1
a: no special abilities


You were on level 2 of the Dungeon.
You visited 1 branch of the dungeon, and saw 2 of its levels.

Inventory:

Hand Weapons
 a - a +0 dagger (weapon)
Armour
 c - a +0 robe (worn)
Magical Staves
 e - a staff of cold
Wands
 d - a wand of flame (2)
Scrolls
 b - 2 scrolls of teleportation


   Skills:
 + Level 0.3 Short Blades
 + Level 1.1 Dodging
 + Level 2.3 Stealth
 + Level 1.0 Spellcasting
 + Level 1.0 Translocations
 + Level 2.1 Air Magic
 + Level 1.2 Invocations
 + Level 2.5 Evocations


You couldn't memorise any spells.
You knew the following spells:

 Your Spells              Type           Power      Damage    Failure   Level
a - Shock                 Conj/Air       20%        1d4       17%         1
b - Momentum Strike       Conj/Tloc      6%         3d8       32%         2

Your spell library contained the following spells:

 Spells                   Type           Power      Damage    Failure   Level
 Blink                    Tloc           10%        N/A       26%         2
 Cigotuvi's Dreadful Rot  Necr/Pois/Air  8%         N/A       30%         2
 Airstrike                Air            4%         2d(1-17)  73%         4


Dungeon Overview and Level Annotations

Branches:
Dungeon (2/15)

Altars:

Shops:
D:1 :


Innate Abilities, Weirdness & Mutations

You are partially covered in razor-sharp scales. (AC +1, Slay +1)


Message History

The adder bites you.
* * * LOW HITPOINT WARNING * * *
It was a potion of brilliance.
You feel clever all of a sudden.
* * * LOW HITPOINT WARNING * * *
You feel sick. The adder bites you but does no damage.
It was a potion of heal wounds.
You feel much better.
You feel sick. The adder bites you.
You are more poisoned.
The adder poisons you!
You completely miss the adder.
The adder is lightly wounded.
You feel very sick. The adder barely misses you.
You hit the adder.
The adder is moderately wounded.
You feel sick. The adder bites you.
You are lethally poisoned!
The adder poisons you! The adder closely misses you.
You miss the adder.
The adder is moderately wounded.
You feel sick. The adder barely misses you.
You cannot cast spells when silenced!
It was a potion of flight.
You feel very buoyant.
You fly up into the air.
* * * LOW HITPOINT WARNING * * *
You feel very sick. The adder bites you.
* * * LOW HITPOINT WARNING * * *
You hit the adder.
The adder is heavily wounded.
* * * LOW HITPOINT WARNING * * *
You feel sick. The adder barely misses you.
The adder bites you but does no damage.
Aiming: Throw Flame
Press: ? - help, Q - select action, (/) - cycle Shift-Dir - straight line, f - adder
Aim: an adder (silenced, heavily wounded, 53% to hit)
The puff of flame misses the adder.
You die...

### #.. #.#
#.# #.#
#@#######
####.S......
#...........
#.##.##.....
#.##.....#.#
#.##.###..._
#.##........
#..<........
###########


You could see an adder.

Vanquished Creatures
  A worm (D:1)
  A bat (D:1)
  An endoplasm (D:1)
  2 hobgoblins (D:1)
  3 jackals (D:1)
  2 ball pythons (D:1)
  3 frilled lizards (D:1)
  4 goblins
  2 kobolds (D:1)
  3 rats (D:1)
22 creatures vanquished.

Notes
Turn   | Place    | Note
-------+----------+-------------------------------------------
     0 | D:1      | CaptainMV the Demonspawn Wanderer began the quest for the
                  | Orb.
     0 | D:1      | CaptainMV set off with the following items: a +0 dagger, a
                  | scroll of teleportation, a +0 robe, a wand of flame (3);
                  | and the following spell memorised: Shock; and the following
                  | spells available to memorise: Blink, Cigotuvi's Dreadful
                  | Rot, Momentum Strike, Airstrike.
     0 | D:1      | Reached XP level 1. HP: 13/13 MP: 2/2
    95 | D:1      | Gained mutation: You are partially covered in razor-sharp
                  | scales. (AC +1, Slay +1) [demonic ancestry]
    95 | D:1      | Reached XP level 2. HP: 5/19 MP: 1/3
   153 | D:1      | Learned a level 2 spell: Momentum Strike
   262 | D:1      | Found Uvvo's Book Boutique.
   576 | D:2      | Found a faded altar of an unknown god.
   595 | D:2      | Succumbed to an adder's poison

Illustrated notes

Levels and vault maps discovered:
D:1:      dpeg_arrival_brainrot, layout_loops_ring, serial_shops,
          nicolae_shop_stone
D:2:      layout_loops_corners, serial_shops, shop,
          ebering_ecumenical_altar_rust, serial_bayou, serial_bayou_shore_a,
          serial_bayou_pond_a, serial_bayou_lagoon_a, serial_bayou_pond_c,
          serial_bayou_lake_a, serial_bayou_crossing, minmay_rat_gold_closets

Skill      XL: |  1  2 |
---------------+-------+-----
Stealth        | 2 |  2.3
Air Magic      | 2 |  2.1
Short Blades   | |  0.3
Dodging        | |  1.1
Spellcasting   | |  1.0
Translocations | |  1.0
Invocations    | |  1.2
Evocations     | |  2.5

Action                     || total
---------------------------++-------
  Melee: Dagger            ||    61
   Cast: Shock             ||    10
         Momentum Strike   ||     2
  Evoke: Wand              ||     1
    Use: Potion            ||     3
         Scroll            ||     2
   Stab: Sleeping          ||     3
 Armour: Robe              ||    15
  Dodge: Dodged            ||    36
